Map: [TLMC TM1] Divergence

Players

Mitch

  • Race: Zerg Zerg

EggMan

  • Race: Terran Terran

StarGalaxy - Winner!

  • Race: Protoss Protoss

Zarlon - Winner!

  • Race: Zerg Zerg

VOD

Have the link to the VOD?

Description

Time

  • Played on: Dec. 27, 2025, 6:19 p.m.
  • Length: 15:08
Show
View Real Time Build Order
Export as new Build Order

Mitch Zerg 

Build Orders: Hatch First 

Get SALT Encoding   

  12  0:00  Drone  
  13  0:13  Overlord  
  13  0:18  Drone  
  14  0:31  Drone  
  14  0:32  Drone  
  16  0:39  Drone  
  17  0:49  Drone  
  18  1:03  Hatchery  
  17  1:04  Drone  
  18  1:14  Drone  
  18  1:17  Extractor  
  18  1:19  Spawning Pool, Drone  
  18  1:29  Drone  
  20  1:40  Drone  
  20  1:51  Overlord  
  20  2:09  Drone  
  20  2:12  Roach Warren, Queen  
  22  2:16  Queen  
  22  2:20  Drone  
  25  2:26  Drone  
  25  2:29  Drone x2  
  28  2:34  Zergling x2  
  29  2:41  Drone  
  30  2:45  Zergling x2  
  31  2:56  Overlord  
  31  3:00  Drone x2  
  33  3:06  Roach  
  35  3:15  Lair  
  35  3:22  Extractor  
  35  3:26  Drone x3  
  37  3:31  Drone x2  
  37  3:33  Overlord x2, Extractor  
  38  3:37  Extractor  
  38  3:40  Spore Crawler  
  36  3:49  Roach  
  36  3:52  Drone  
  36  3:53  Drone x2  
  41  4:06  Queen  
  43  4:15  Roach x4  
  50  4:29  Zergling x6  
  35  4:54  Queen x2  
  35  5:07  Drone x2  
  35  5:08  Drone x4  
  41  5:41  Queen  
  41  5:42  Hatchery  
  42  5:48  Hydralisk Den  
  41  5:50  Hatchery  
  41  5:52  Evolution Chamber  
  41  5:53  Drone x2  
  41  5:54  Drone x2  
  43  5:58  Evolution Chamber  
  43  6:00  Overlord x2  
  42  6:16  Roach x3  
  42  6:17  Queen  
  50  6:31  Ravager  
  50  6:32  Ravager x3  
  54  6:38  Hydralisk x2  
  58  6:50  Drone x2  
  58  6:52  Overlord x2  
  58  6:53  Overlord  
  60  6:56  Drone x2  
  62  7:08  Queen  
  64  7:22  Drone x4  
  68  7:23  Drone  
  69  7:44  Queen  
  69  7:46  Queen  
  69  7:49  Hydralisk x2  
  77  7:56  Zerg Melee Weapons Level 1  
  77  7:58  Zerg Missile Weapons Level 1  
  77  8:06  Drone x3  
  77  8:10  Drone x2  
  82  8:25  Hydralisk x3  
  88  8:32  Overlord x2  
  33  9:32  Hatchery  
  32  9:38  Hydralisk  
  32  9:39  Hydralisk x8  
  50  9:56  Hydralisk  
  50  9:57  Hydralisk x2  
  45  10:25  Roach x6  
  47  11:02  Drone x5  
  50  11:08  Hatchery  
  49  11:49  Queen  
  49  11:53  Roach x6  
  63  11:59  Zerg Melee Weapons Level 2  
  63  12:12  Drone x4  
  67  13:28  Hydralisk x12  
  67  13:32  Overlord x4  
  91  13:50  Hatchery  
  90  14:01  Drone  
  91  14:07  Hatchery  
  90  14:43  Hatchery  
Show
View Real Time Build Order
Export as new Build Order

EggMan Terran 

Build Orders:  

Get SALT Encoding   

  12  0:00  SCV  
  13  0:13  SCV  
  14  0:21  Supply Depot  
  14  0:26  SCV  
  15  0:43  SCV  
  15  0:46  Supply Depot  
  15  0:49  Barracks  
  16  1:14  Supply Depot  
  16  1:37  Supply Depot, Barracks  
  16  1:43  SCV  
  17  1:49  Refinery  
  17  1:55  SCV  
  17  1:59  Marine  
  17  2:00  Supply Depot  
  19  2:17  Marine  
  20  2:24  SCV, Supply Depot  
  20  2:27  Barracks  
  21  2:35  Marine  
  21  2:36  SCV, Refinery  
  23  2:39  Barracks Tech Lab  
  23  2:48  SCV  
  24  2:53  Marine  
  24  2:56  Supply Depot  
  25  3:00  SCV  
  26  3:16  Barracks Reactor  
  26  3:19  Supply Depot  
  26  3:40  SCV  
  26  3:41  Marine x2  
  28  3:47  Command Center, Stimpack  
  29  3:52  Marine x2, SCV  
  32  3:59  Marine x2  
  34  4:06  SCV  
  34  4:10  Marine x2  
  33  4:18  SCV  
  31  4:30  SCV  
  31  4:35  Marine x4  
  31  4:53  Marine x3  
  33  5:10  SCV x2  
  35  5:15  Marine x4  
  39  5:22  SCV x2  
  41  5:33  Marine x4, Factory  
  45  5:35  Factory  
  45  5:36  Factory  
  45  5:40  SCV x2  
  47  5:50  Marine  
  47  5:51  Marine  
  47  5:52  SCV  
  47  5:53  SCV  
  51  6:03  Marine x2  
  53  6:08  Marine x2  
  55  6:21  Reaper x2  
  55  6:22  SCV  
  55  6:23  SCV  
  59  6:26  Reaper x2  
  55  6:34  SCV  
  55  6:35  SCV  
  56  6:47  Factory Tech Lab  
  56  6:49  Factory Reactor  
  56  6:50  Factory Tech Lab  
  56  6:53  Reaper  
  57  7:03  Factory  
  57  7:14  SCV x2  
  59  7:25  Refinery x2  
  59  7:26  SCV x2  
  61  7:38  SCV x2  
  61  7:39  Marine  
  61  7:42  Barracks Tech Lab  
  64  7:45  Marine  
  64  7:46  Marine  
  64  7:49  Widow Mine  
  64  7:50  Widow Mine, Armory, SCV  
  71  7:57  Marine  
  71  7:58  Command Center  
  72  8:00  Factory Tech Lab  
  72  8:01  Infernal Pre-Igniter  
  72  8:03  Marine x2  
  74  8:15  Marine  
  75  8:21  Marine x2  
  77  8:33  Marine  
  78  8:39  Marine  
  73  8:43  Starport  
  47  8:56  Marine x3  
  47  8:57  Marine  
  51  9:05  Siege Tank x3  
  60  9:13  Marine  
  60  9:14  Marine x3  
  64  9:20  Mag-Field Accelerator, Starport  
  61  9:31  Marine  
  61  9:32  Marine x3  
  61  9:37  Siege Tank  
  51  9:45  Siege Tank x2  
  54  9:49  Marine  
  54  9:50  Marine x3  
  60  10:07  Marine x3  
  60  10:08  Marine  
  60  10:12  Engineering Bay  
  64  10:19  SCV  
  65  10:23  SCV  
  65  10:25  Marine  
  67  10:32  SCV  
  68  10:35  SCV  
  69  10:44  SCV  
  69  10:48  SCV  
  69  10:49  Terran Infantry Weapons Level 1  
  71  10:56  SCV  
  72  11:02  Missile Turret  
  72  11:04  Missile Turret  
  72  11:07  Missile Turret x2  
  72  11:08  Missile Turret  
  72  11:09  Missile Turret  
  72  11:11  Missile Turret  
  72  11:26  SCV x2  
  72  11:28  Bunker  
  74  11:33  Missile Turret  
  74  11:38  SCV  
  71  12:07  Drilling Claws  
  59  12:23  Terran Vehicle Weapons Level 1  
  53  12:43  Terran Infantry Armor Level 1  
  51  13:25  Smart Servos  
  51  13:33  Marine  
  51  13:34  Marine x3  
  52  13:36  Siege Tank x2, Widow Mine  
  63  13:51  Marine  
  63  13:52  Marine x3  
  66  14:09  Marine x4  
  48  14:27  Marine x4  
  45  14:45  Marine x2  
Show
View Real Time Build Order
Export as new Build Order

StarGalaxy Protoss - Winner!

Build Orders:  

Get SALT Encoding   

  12  0:23  Pylon  
  12  0:24  Probe  
  12  0:26  Pylon  
  13  0:45  Gateway  
  13  0:47  Assimilator  
  13  0:48  Probe  
  14  0:58  Probe  
  15  1:06  Probe  
  16  1:16  Assimilator, Probe  
  17  1:28  Probe  
  18  1:37  Cybernetics Core  
  18  1:40  Zealot, Probe  
  21  2:00  Probe  
  22  2:12  Probe  
  23  2:16  Stargate  
  23  2:29  Nexus  
  23  2:41  Forge  
  23  2:56  Void Ray  
  27  3:18  Pylon  
  27  3:28  Pylon  
  27  3:33  Void Ray  
  27  3:40  Probe  
  32  3:48  Probe  
  33  3:58  Probe  
  30  4:39  Void Ray  
  34  5:08  Probe  
  35  5:15  Assimilator  
  35  5:16  Probe  
  40  5:22  Void Ray  
  40  5:26  Probe  
  41  5:30  Probe  
  41  5:31  Stargate  
  42  5:41  Probe, Photon Cannon  
  43  5:43  Photon Cannon  
  43  5:45  Photon Cannon  
  43  5:53  Probe  
  44  6:02  Void Ray  
  44  6:05  Probe  
  53  6:22  Void Ray  
  53  6:46  Shield Battery  
  53  6:48  Shield Battery, Nexus  
  53  6:51  Pylon  
  53  6:54  Probe, Pylon  
  53  6:58  Assimilator  
  54  7:05  Probe  
  62  7:10  Void Ray  
  62  7:11  Void Ray  
  62  7:13  Protoss Shields Level 1  
  63  7:16  Probe  
  63  7:20  Protoss Air Weapons Level 1  
  63  7:21  Cybernetics Core  
  64  7:45  Photon Cannon  
  64  8:12  Protoss Air Armor Level 1  
  48  9:21  Void Ray  
  48  9:24  Probe  
  56  9:26  Void Ray  
  57  9:32  Probe  
  57  9:37  Probe  
  58  9:42  Probe  
  60  9:45  Probe  
  61  9:53  Fleet Beacon  
  61  9:54  Probe  
  62  10:06  Probe  
  63  10:15  Probe  
  63  10:18  Assimilator  
  64  10:23  Probe  
  64  10:25  Pylon  
  65  10:30  Pylon  
  65  10:32  Flux Vanes  
  65  10:33  Probe  
  73  10:36  Void Ray x2  
  74  10:55  Probe  
  74  10:56  Protoss Air Weapons Level 2  
  74  10:57  Assimilator  
  74  10:58  Protoss Air Armor Level 2  
  74  11:03  Probe  
  84  11:19  Void Ray x2  
  84  11:31  Twilight Council  
  84  11:56  Stargate, Tempest x2  
  84  11:58  Stargate  
  92  12:19  Photon Cannon  
  92  12:20  Photon Cannon  
  92  12:23  Photon Cannon  
  92  12:25  Photon Cannon  
  92  12:50  Void Ray x4  
  92  12:51  Pylon  
  108  12:53  Pylon  
  108  12:55  Pylon  
  108  12:59  Unknown  
  116  13:37  Tempest x2  
  116  13:40  Tempest  
  128  13:41  Mothership  
  126  14:22  Pylon  
  126  14:26  Pylon  
  126  14:28  Pylon  
Show
View Real Time Build Order
Export as new Build Order

Zarlon Zerg - Winner!

Build Orders: Pool First, Roach Hydra 

Get SALT Encoding   

  12  0:02  Drone  
  13  0:25  Drone  
  14  0:30  Spawning Pool  
  13  0:35  Overlord  
  13  0:43  Drone  
  13  0:48  Overlord  
  14  0:56  Overlord  
  14  1:04  Extractor  
  14  1:08  Drone x2  
  15  1:19  Queen  
  17  1:34  Drone x2  
  19  1:40  Extractor  
  19  1:46  Drone  
  19  1:53  Drone  
  20  2:03  Roach Warren  
  20  2:07  Drone  
  20  2:11  Lair  
  20  2:24  Drone x2  
  22  2:44  Evolution Chamber  
  22  2:46  Roach x2  
  22  2:47  Roach  
  27  3:12  Roach x2  
  33  3:13  Roach x2  
  33  3:15  Roach  
  37  3:21  Glial Reconstitution  
  37  3:55  Overlord x2, Hydralisk Den  
  36  4:52  Roach x6  
  44  5:12  Burrow  
  44  5:39  Grooved Spines  
  44  5:43  Roach x3  
  50  6:03  Hatchery  
  49  6:10  Hydralisk x2  
  53  6:13  Overlord x2  
  53  6:16  Zerg Missile Weapons Level 1  
  53  6:29  Muscular Augments  
  53  6:44  Roach x15  
  53  6:56  Hydralisk x3  
  59  7:08  Hydralisk x2  
  63  7:17  Drone  
  64  7:29  Queen  
  66  7:41  Overlord  
  66  7:48  Drone x2  
  66  7:50  Drone  
  69  8:02  Drone x3  
  72  8:10  Zerg Melee Weapons Level 1  
  58  9:34  Hydralisk x5  
  68  10:03  Roach x2  
  72  10:09  Drone x3  
  73  10:37  Infestation Pit  
  72  11:23  Roach x6  
  84  11:26  Hydralisk x6  
  84  11:31  Extractor, Roach x8  
  84  11:32  Extractor  
  82  11:33  Drone x2  
  84  11:43  Overlord  
  84  12:57  Drone x4  
  84  12:58  Drone x2  
  90  13:06  Overlord x2  
  90  13:07  Overlord x2  
  90  13:09  Zerg Ground Armor Level 1  
  90  13:13  Hive  
  90  13:20  Spire  
  89  13:28  Drone  
  89  13:29  Drone x2  
  89  13:32  Drone x3  
  89  13:34  Lair  
  95  13:38  Hydralisk x6  
  107  14:21  Overlord x4, Spawning Pool  
  107  14:22  Overlord  
Tags
 
Add a new tag
Caveats
  • Supply blocks, unpowered buildings, or Contaminate may cause inaccurate times.
  • Supply counts are checked every 10 seconds.